 Dungeon Crawl Stone Soup version 0.21.1-1-g345015f (webtiles) character file.

20378 letownia2 the Impaler (level 12, -32/94 HPs)
             Began as a Merfolk Skald on Mar 14, 2018.
             Was a Priest of Cheibriados.
             Annihilated by an orc warlord
             ... wielding a +1 battleaxe of chopping
              (38 damage)
             ... on level 1 of the Orcish Mines.
             The game lasted 00:44:01 (5581 turns).

letownia2 the Impaler (Merfolk Skald)               Turns: 5581, Time: 00:44:01

Health: -32/94     AC: 18    Str: 22    XL:     12   Next: 78%
Magic:  1/21       EV: 18    Int: 22    God:    Cheibriados [***...]
Gold:   873        SH:  0    Dex: 22    Spells: 12/23 levels left

rFire    . . .     SeeInvis .   a - +6 halberd
rCold    . . .     Gourm    .   (shield currently unavailable)
rNeg     . . .     Faith    .   j - +0 scale mail
rPois    .         Spirit   .   s - +0 helmet
rElec    .         Reflect  .   S - +1 cloak
rCorr    +         Harm     .   G - +0 pair of gloves
MR       .....                  f - +0 pair of boots
Stlth    ..........             (no amulet)
HPRegen  0.25/turn              e - +6 ring of protection
MPRegen  0.17/turn              q - ring of resist corrosion

@: about to teleport, very slow
A: change form in water, swift swim, stealthy swim
a: Bend Time, Temporal Distortion, Renounce Religion


You were on level 1 of the Orcish Mines.
You worshipped Cheibriados.
Cheibriados was most pleased with you.
You were hungry.

You visited 3 branches of the dungeon, and saw 15 of its levels.
You also visited: Bailey.

You collected 873 gold pieces.

Inventory:

Hand Weapons
 a - a +6 halberd (weapon)
 b - the +5 whip "Coshil" {venom, Str+3}
   (You took it off a gnoll on level 7 of the Dungeon)

   It poisons the flesh of those it strikes.
   It affects your strength (+3).
 r - a +2 longbow of flaming
 x - a +3 trident of venom
 A - a +0 blowgun
 T - the +1 dagger of Qoasohuaxt {venom, +Blink +Rage rPois Dex-2}
   (You found it on level 8 of the Dungeon)

   It poisons the flesh of those it strikes.
   It affects your dexterity (-2).
   It protects you from poison.
   It lets you blink.
   It lets you go berserk.
Missiles
 w - 12 tomahawks (quivered)
 z - 22 arrows
 B - 52 poisoned needles
 J - a throwing net
Armour
 f - a +0 pair of boots (worn)
 i - a +0 chain mail
 j - a +0 scale mail (worn)
 s - a +0 helmet (worn)
 G - a +0 pair of gloves (worn)
 S - a +1 cloak (worn)
Magical Staves
 k - an uncursed staff of conjuration
 y - an uncursed staff of energy
Jewellery
 e - a +6 ring of protection (left hand)
 g - an uncursed ring of ice
 q - a ring of resist corrosion (right hand)
 W - a +5 ring of strength
Wands
 h - a wand of random effects (34)
 I - a wand of paralysis (3)
Scrolls
 l - a scroll of noise {unknown}
 m - a scroll of enchant weapon
 o - 7 scrolls of identify
 v - a scroll of teleportation
 M - 3 scrolls of fog
 X - 2 scrolls of enchant armour
Potions
 n - a potion of agility {unknown}
 t - 3 potions of heal wounds
 E - 2 potions of flight
 F - a potion of might
 H - 2 potions of experience {unknown}
 R - 3 potions of curing
 Z - a potion of resistance {unknown}
Books
 c - a book of Battle

   Spells                             Type                      Level
   a - Infusion                       Charms                       1
   b - Shroud of Golubria             Charms/Translocation         2
   c - Song of Slaying                Charms                       2
   d - Spectral Weapon                Hexes/Charms                 3
   e - Regeneration                   Charms/Necromancy            3
 u - Ewkufew's Guide on the Entourage and Fire
   (You found it on level 5 of the Dungeon)

   Spells                             Type                      Level
   a - Ignite Poison                  Fire/Transmutation/Poison    3
   b - Bolt of Magma                  Conjuration/Fire/Earth       5
   c - Summon Demon                   Summoning                    5
   d - Spellforged Servitor           Conjuration/Summoning        7
 O - a book of Changes

   Spells                             Type                      Level
   a - Beastly Appendage              Transmutation                1
   b - Sticks to Snakes               Transmutation                2
   c - Spider Form                    Transmutation/Poison         3
   d - Ice Form                       Ice/Transmutation            4
   e - Blade Hands                    Transmutation                5
 U - a book of Power

   Spells                             Type                      Level
   a - Iskenderun's Battlesphere      Conjuration/Charms           5
   b - Venom Bolt                     Conjuration/Poison           5
   c - Bolt of Magma                  Conjuration/Fire/Earth       5
   d - Iron Shot                      Conjuration/Earth            6
   e - Orb of Destruction             Conjuration                  7
   f - Spellforged Servitor           Conjuration/Summoning        7
Miscellaneous
 d - a phial of floods
Comestibles
 D - 11 rations


   Skills:
 - Level 8.7 Fighting
 - Level 16.2 Polearms
 - Level 4.1 Armour
 - Level 9.8 Dodging
 + Level 6.4 Spellcasting
 - Level 1.3 Hexes
 - Level 7.3 Charms
 - Level 1.0 Necromancy
 - Level 1.2 Translocations
 + Level 8.7 Invocations


You had 12 spell levels left.
You knew the following spells:

 Your Spells              Type           Power        Failure   Level  Hunger
a - Infusion              Chrm           ####         1%          1    None
g - Regeneration          Chrm/Necr      ####......   12%         3    #......
l - Song of Slaying       Chrm           #####...     1%          2    None
t - Shroud of Golubria    Chrm/Tloc      ####......   5%          2    None
x - Spectral Weapon       Hex/Chrm       ####....     11%         3    #......


Dungeon Overview and Level Annotations

Branches:
Dungeon (12/15)            Temple (1/1) D:6            Lair (0/6) D:10
    Orc (2/2) D:10
    Elf: Orc:2

Altars:
Cheibriados
Elyvilon
Kikubaaqudgha
Makhleb
Nemelex Xobeh
Okawaru
Ru
Sif Muna
Uskayaw
Vehumet
Wu Jian
Yredelemnul
Zin
The Shining One

Shops:
D:7 [   Orc:2 =

Annotations:
D:4 Edmund
D:8 TheNamelessOne's ghost, novice DsFE


Message History

You impale the ogre!!
You kill the ogre!
Cheibriados thoroughly appreciates the change of pace.
Your shroud bends the orc warlord's attack away!!
The orc warrior barely misses you.
Unknown command.
You slash the orc warrior!
You kill the orc warrior!
Cheibriados appreciates the change of pace.
The orc warlord hits you with a battleaxe of chopping!!!
Ouch! That really hurt!
* * * LOW HITPOINT WARNING * * *
Your shroud falls apart!
* * * LOW HITPOINT WARNING * * *
Unknown command.
As you read the scroll of teleportation, it crumbles to dust.
You feel strangely unstable.
Okay, then.
The orc warlord hits you with a battleaxe of chopping!!!
You die...

..##..##.##.###.........#.##
.#.#####.#...##....#.......#
....# #...................##
...## #.................#.## ##
..## ##................#...##$##
.#### #......[#............#....#
..#.####..^..[$......#.........##
.#....##...................#.###
..#.............@).....#....##
.####...........o>.........##
###.#.....#[....[.##........#
##.....()..>.......#........#
##...##.([).......#........#
#.....#†[..[..............##
..#.....................####
.####...................# #
#................##.##


You could see an orc warlord.

Vanquished Creatures
  An orc warlord (Bailey)
  Nessos (D:12)
  The ghost of tidbits the Magician, a journeyman GnFE of Cheibriados (D:10)
  3 two-headed ogres
  4 orc high priests (Orc:2)
  5 skeletal warriors (D:11)
  An unseen horror (D:12)
  Pikel (D:6)
  An ugly thing (D:12)
  An orc sorcerer (Orc:1)
  A cyclops (Orc:1)
  Maurice (D:8)
  The ghost of Anonimus the Chopper, a novice DsFi (D:6)
  A gargoyle (D:10)
  5 trolls
  3 hippogriffs
  A water elemental (D:11)
  2 wraiths
  2 hungry ghosts (D:10)
  A warg (Orc:2)
  3 porcupines (D:10)
  11 orc warriors
  4 sky beasts
  2 phantoms
  An ogre (Orc:1)
  A crocodile (D:10)
  3 centaurs (D:5)
  A big kobold (D:6)
  4 bullfrogs
  2 scorpions
  3 wights (D:11)
  An electric eel (D:11)
  4 crimson imps
  A bullfrog zombie (D:10)
  A centaur zombie (D:5)
  14 orc priests
  A jelly (D:5)
  2 hounds (D:12)
  A bullfrog skeleton (D:4)
  2 centaur skeletons
  16 orc wizards
  5 iguanas
  Ijyb (D:3)
  2 worker ants
  Robin (D:3)
  6 gnolls
  10 adders
  A howler monkey skeleton (D:6)
  A shadow imp (D:10)
  3 adder skeletons
  2 worms
  3 leopard geckos
  68 orcs
  6 giant cockroaches
  17 goblins
  7 hobgoblins
  13 jackals
  4 quokkas
  3 bats
  A frilled lizard (D:3)
  A giant cockroach zombie (D:5)
  A jackal skeleton (D:6)
  18 kobolds
  3 rats
  A fungus (D:10)
293 creatures vanquished.

Vanquished Creatures (collateral kills)
  A hydra (D:12)
  A bullfrog (D:12)
2 creatures vanquished.

Vanquished Creatures (others)
  3 fungi (D:10)
  2 spectral weapons
5 creatures vanquished.

Grand Total: 300 creatures vanquished

Notes
Turn   | Place    | Note
-------+----------+-------------------------------------------
     0 | D:1      | letownia2 the Merfolk Skald began the quest for the Orb.
     0 | D:1      | Reached XP level 1. HP: 16/16 MP: 3/3
   211 | D:2      | Reached XP level 2. HP: 22/22 MP: 0/5
   218 | D:2      | Learned a level 2 spell: Shroud of Golubria
   306 | D:3      | Reached skill level 1 in Translocations
   306 | D:3      | Reached XP level 3. HP: 27/27 MP: 0/6
   311 | D:3      | Learned a level 3 spell: Spectral Weapon
   321 | D:3      | Noticed Ijyb
   373 | D:3      | Killed Ijyb
   373 | D:3      | Reached skill level 1 in Hexes
   373 | D:3      | Reached XP level 4. HP: 25/33 MP: 1/7
   434 | D:4      | HP: 2/49 [something/flail (2)]
   446 | D:4      | Reached skill level 5 in Charms
   454 | D:4      | Reached XP level 5. HP: 4/39 MP: 2/8
   621 | D:3      | Reached skill level 4 in Polearms
   960 | D:4      | Reached XP level 6. HP: 42/47 MP: 1/9
  1090 | D:4      | Noticed a phantom
  1163 | D:4      | Killed a phantom
  1163 | D:4      | Reached skill level 1 in Armour
  1248 | D:4      | Noticed Edmund
  1310 | D:5      | Entered Level 5 of the Dungeon
  1369 | D:5      | Noticed a phantom
  1369 | D:5      | HP: 1/49 [centaur (5)]
  1373 | D:5      | Reached XP level 7. HP: 2/55 MP: 3/10
  1393 | D:4      | Learned a level 3 spell: Regeneration
  1585 | D:3      | Noticed Robin
  1599 | D:3      | Killed Robin
  1599 | D:3      | Reached skill level 1 in Necromancy
  1617 | D:3      | Reached skill level 5 in Fighting
  1653 | D:3      | Found a sparkling altar of Nemelex Xobeh.
  1805 | D:5      | Identified Ewkufew's Guide on the Entourage and Fire
  1875 | D:6      | Noticed Anonimus's ghost (novice DsFi)
  2139 | D:5      | Reached XP level 8. HP: 10/65 MP: 0/11
  2474 | D:5      | Reached skill level 5 in Polearms
  2520 | D:6      | Reached skill level 6 in Polearms
  2635 | D:6      | Reached skill level 7 in Polearms
  2741 | D:6      | Reached skill level 8 in Polearms
  2767 | D:6      | Learned a level 2 spell: Song of Slaying
  2871 | D:6      | Killed Anonimus's ghost
  2871 | D:6      | Reached skill level 9 in Polearms
  2871 | D:6      | Reached XP level 9. HP: 60/72 MP: 4/12
  2913 | D:6      | Found a staircase to the Ecumenical Temple.
  2925 | Temple   | Entered the Ecumenical Temple
  2939 | Temple   | Became a worshipper of Cheibriados the Contemplative
  2964 | D:7      | Noticed Pikel
  2977 | D:6      | Killed Pikel
  2977 | D:6      | Reached skill level 11 in Polearms
  3144 | D:7      | Found Zaapp's Antique Armour Emporium.
  3158 | D:7      | Reached * piety under Cheibriados
  3160 | D:7      | Got an encrusted whip {venom}
  3162 | D:7      | Identified the +5 whip "Coshil" {venom, Str+3} (You took it off a gnoll on level 7 of the Dungeon)
  3184 | D:8      | Noticed TheNamelessOne's ghost (novice DsFE)
  3261 | D:7      | Found an ornate altar of the Wu Jian Council.
  3291 | D:8      | Reached skill level 12 in Polearms
  3344 | D:9      | Noticed a two-headed ogre
  3352 | D:9      | Killed a two-headed ogre
  3352 | D:9      | Reached skill level 13 in Polearms
  3382 | D:8      | Noticed Maurice
  3386 | D:8      | Killed Maurice
  3386 | D:8      | Reached skill level 14 in Polearms
  3386 | D:8      | Reached XP level 10. HP: 58/79 MP: 2/13
  3487 | D:8      | Got a smoking dagger
  3557 | D:9      | Noticed a two-headed ogre
  3569 | D:9      | Killed a two-headed ogre
  3581 | D:10     | Entered Level 10 of the Dungeon
  3593 | D:10     | Reached skill level 5 in Invocations
  3767 | D:11     | Noticed a skeletal warrior
  3806 | D:11     | Killed a skeletal warrior
  3811 | D:11     | Noticed a skeletal warrior
  3820 | D:11     | Noticed a skeletal warrior
  3826 | D:11     | Noticed a skeletal warrior
  3828 | D:11     | Noticed a skeletal warrior
  3829 | D:11     | Reached ** piety under Cheibriados
  3941 | D:11     | Killed a skeletal warrior
  3941 | D:11     | Reached skill level 15 in Polearms
  3969 | D:11     | Killed a skeletal warrior
  3969 | D:11     | Reached skill level 5 in Dodging
  3969 | D:11     | Reached XP level 11. HP: 84/84 MP: 3/15
  3979 | D:11     | Killed a skeletal warrior
  3993 | D:11     | Killed a skeletal warrior
  4073 | D:12     | Noticed Nessos
  4074 | D:12     | Found a flagged portal.
  4095 | D:12     | Killed Nessos
  4147 | Bailey   | Entered a bailey
  4154 | Bailey   | Noticed an orc warlord
  4222 | Bailey   | Found a runed gate.
  4224 | Bailey   | Found a runed gate.
  4234 | Bailey   | Found a runed gate.
  4368 | Bailey   | Killed an orc warlord
  4368 | Bailey   | Reached skill level 16 in Polearms
  4436 | Bailey   | Identified the +1 dagger of Qoasohuaxt {venom, +Blink +Rage rPois Dex-2} (You found it on level 8 of the Dungeon)
  4498 | D:12     | Noticed a purple ugly thing
  4499 | D:12     | Noticed a seven-headed hydra
  4515 | D:12     | Killed a purple ugly thing
  4515 | D:12     | Reached *** piety under Cheibriados
  4548 | D:12     | Killed an unseen horror
  4751 | D:12     | Killed a seven-headed hydra
  5065 | D:10     | Reached XP level 12. HP: 69/93 MP: 8/17
  5077 | D:10     | Found a staircase to the Lair.
  5150 | D:10     | Reached **** piety under Cheibriados
  5253 | D:10     | Noticed tidbits's ghost (journeyman GnFE)
  5268 | D:10     | Killed tidbits's ghost
  5328 | D:10     | Found a staircase to the Orcish Mines.
  5352 | Orc:1    | Entered Level 1 of the Orcish Mines
  5393 | Orc:1    | Noticed a two-headed ogre
  5398 | Orc:1    | Killed a two-headed ogre
  5449 | Orc:1    | Reached ***** piety under Cheibriados
  5558 | Orc:2    | Entered Level 2 of the Orcish Mines
  5558 | Orc:2    | Found Ephiocra's Jewellery Boutique.
  5558 | Orc:2    | Noticed an orc warlord
  5558 | Orc:2    | Noticed an orc high priest
  5558 | Orc:2    | Noticed an orc high priest
  5560 | Orc:2    | Noticed an orc high priest
  5560 | Orc:2    | Noticed an orc high priest
  5560 | Orc:2    | Reached skill level 5 in Spellcasting
  5564 | Orc:2    | Killed an orc high priest
  5568 | Orc:2    | Killed an orc high priest
  5569 | Orc:2    | Killed an orc high priest
  5570 | Orc:2    | Killed an orc high priest
  5581 | Orc:1    | Annihilated by an orc warlord

Skill      XL: |  1  2  3  4  5  6  7  8  9 10 11 12 |
---------------+-------------------------------------+-----
Charms         | 4 5 6 7 |  7.3
Translocations | 1 |  1.2
Hexes          | 1 |  1.3
Fighting       | 3 4 6 7 8 |  8.7
Polearms       | 4 9 14 15 16 | 16.2
Armour         | 1 3 4 |  4.1
Necromancy     | 1 |  1.0
Invocations    | 6 8 |  8.7
Dodging        | 5 9 |  9.8
Spellcasting   | 3 6 |  6.4

Action                   |  1- 3 |  4- 6 |  7- 9 | 10-12 || total
-------------------------+-------+-------+-------+-------++-------
Melee: Spear             |   102 |   188 |    53 |       ||   343
       Dagger            |       |       |   220 |       ||   220
       Trident           |       |       |   115 |    53 ||   168
       Halberd           |       |       |       |   360 ||   360
       Tailslap          |       |       |       |     7 ||     7
       Whip              |       |       |       |     5 ||     5
 Fire: Hunting sling     |       |     4 |       |    22 ||    26
       Blowgun           |       |       |       |    45 ||    45
Throw: Stone             |       |       |       |     4 ||     4
 Cast: Infusion          |     8 |     9 |     4 |       ||    21
       Spectral Weapon   |       |     4 |    10 |     6 ||    20
       Shroud of Golubri |       |    10 |    45 |    18 ||    73
       Regeneration      |       |       |     5 |    29 ||    34
       Song of Slaying   |       |       |     1 |     4 ||     5
Invok: Slouch            |       |       |       |     4 ||     4
Evoke: Wand              |       |       |    12 |    49 ||    61
       Box of beasts     |       |       |       |     1 ||     1
  Use: Potion            |       |     3 |     1 |     4 ||     8
       Scroll            |       |     2 |       |     9 ||    11
 Stab: Distracted        |       |     1 |       |     3 ||     4
       Sleeping          |       |       |     1 |       ||     1
       Paralysed         |       |       |       |     5 ||     5
  Eat: Chunk             |       |     4 |    12 |    12 ||    28
       Ration            |       |       |       |     1 ||     1
Armor: Leather armour    |    34 |    37 |   164 |    24 ||   259
       Skin              |       |     5 |       |       ||     5
       Scale mail        |       |       |       |   101 ||   101
Dodge: Dodged            |    62 |    65 |   204 |   258 ||   589
